 Dungeon Crawl Stone Soup version 0.31-a0-303-gdc8c9485ea (webtiles) character file.

Game seed: 17252865057157495197

7 Hubjo the Changeling (level 1, -1/16 HPs)
             Began as a Demonspawn Shapeshifter on July 16, 2023.
             Slain by a kobold
             ... wielding a +0 whip
              (4 damage)
             ... on level 1 of the Dungeon.
             The game lasted 00:00:32 (100 turns).

Hubjo the Changeling (Demonspawn Shapeshifter)       Turns: 100, Time: 00:00:33

Health: -1/16      AC:  2    Str: 15    XL:     1   Next: 83%
Magic:  1/1        EV:  9    Int:  9    God:
Gold:   0          SH:  0    Dex: 13    Spells: 0/0 levels left

rFire   . .          .
                       - Unarmed
rCold   . . .        (no shield)
rNeg    . . .        a - +0 animal skin
rPois   .            (helmet currently unavailable)
rElec   .            (cloak currently unavailable)
rCorr   .            (gloves currently unavailable)
SInv    .            (boots currently unavailable)
Will    .....        (no amulet)
Stlth   +            (no ring)
HPRegen 0.22/turn    (no ring)
MPRegen 0.07/turn

%: no passive effects
@: beast-form, constricted
A: beast (slay +1)
a: Begin Untransformation


You were on level 1 of the Dungeon.
You were a hulking beast.
You visited 1 branch of the dungeon, and saw 1 of its levels.

Inventory:

Armour
 a - a +0 animal skin (worn)
Talismans
 c - a beast talisman
 d - a beast talisman
Scrolls
 e - a scroll of identify {unknown}
Potions
 b - a potion of lignification


   Skills:
 + Level 2.2 Fighting
 - Level 1.8 Dodging
 + Level 2.0 Unarmed Combat
 + Level 0.4 Spellcasting
 - Level 2.7 Shapeshifting


You couldn't memorise any spells.
You didn't know any spells.
Your spell library was empty.

Dungeon Overview and Level Annotations

Branches:
Dungeon (1/15)

Altars:


Message History

The ball python bites you. The ball python barely misses you.
The ball python attacks as you move away!
The ball python closely misses you.
There is an open door here.
The bat barely misses you. The bat barely misses you.
The bat attacks as you move away! The bat barely misses you.
The bat completely misses you. The bat barely misses you.
You hit the bat.
You kill the bat!
Your Unarmed Combat skill increases to level 2!
You hit the ball python.
The ball python is severely wounded.
The ball python completely misses you. The ball python grabs you.
The ball python constricts you.
You barely miss the ball python. The ball python bites you.
The ball python misses you. The ball python constricts you.
You hit the ball python.
The ball python is severely wounded.
The ball python bites you.
The ball python bites you but does no damage.
The ball python constricts you. The ball python misses you.
You closely miss the ball python.
The ball python is severely wounded.
The ball python bites you. The ball python constricts you.
The ball python bites you.
You closely miss the ball python.
The ball python is severely wounded.
The ball python bites you but does no damage.
The ball python constricts you.
* * * LOW HITPOINT WARNING * * *
The ball python closely misses you.
You hit the ball python.
You kill the ball python!
The ball python bites you but does no damage.
The ball python constricts you. The ball python bites you.
* * * LOW HITPOINT WARNING * * *
The ball python constricts you.
You closely miss the kobold. The kobold hits you with a +0 whip.
You die...

..............#
..............#
.g......###...#
........# #...#
####+#### ##'##
#.# #.# #.# #.#
#.# ###K########
#####.###
#.(hS.......
#.......#
#.#.########
#.......###.#.#
+........##.#.#
###...........#.#
##........###....#
.......)..##..##.#
##..)#)......###.#
#...#...........#


You could see a ball python and a kobold.

Vanquished Creatures
  An endoplasm (D:1)
  2 goblins (D:1)
  A ball python (D:1)
  2 bats (D:1)
  A kobold (D:1)
7 creatures vanquished.

Notes
Turn   | Place    | Note
-------+----------+-------------------------------------------
     0 | D:1      | Hubjo the Demonspawn Shapeshifter began the quest for the
                  | Orb.
     0 | D:1      | Reached XP level 1. HP: 16/16 MP: 1/1
   100 | D:1      | Slain by a kobold

Illustrated notes

Levels and vault maps discovered:
D:1:      sevenhm_arrival_forest_fort_small_4, layout_basic, minmay_pentomino_p2

Skill      XL: |  1 |
---------------+----+-----
Unarmed Combat | 2 |  2.0
Fighting       | |  2.2
Dodging        | |  1.8
Spellcasting   | |  0.4
Shapeshifting  | |  2.7

Action                     || total
---------------------------++-------
  Melee: Unarmed           ||    19
         Punch             ||     1
 Armour: Animal skin       ||    10
  Dodge: Dodged            ||    21
         Form:             ||     1
         Beast             ||     1

Table legend: (Time is in decaauts)
 A = Elapsed time spent in this place.
 B = Non-inter-level travel time spent in this place.
 C = Inter-level travel time spent in this place.
 D = Time resting spent in this place.
 E = Time spent auto-exploring this place.
 F = Levels seen in this place.
 G = Mean time per level.
                   A        B        C        D        E       F      G
               +--------+--------+--------+--------+--------+-----+--------+
         Total |     99 |     99 |      0 |      0 |     29 |   1 |   99.0 |
       Dungeon |     99 |     99 |      0 |      0 |     29 |   1 |   99.0 |
               +--------+--------+--------+--------+--------+-----+--------+

Top non-repeatable levels by time:
     D:1: 99 daAuts
